 Dungeon Crawl Stone Soup version 0.22.0 (webtiles) character file.

1852 Larett the Cleaver (level 8, -6/97 HPs)
             Began as a Minotaur Berserker on Aug 12, 2018.
             Was a Priest of Trog.
             Mangled by an orc warrior
             ... wielding a +0 battleaxe
              (21 damage)
             ... on level 6 of the Dungeon.
             The game lasted 00:14:58 (4782 turns).

Larett the Cleaver (Minotaur Berserker)             Turns: 4782, Time: 00:14:59

Health: -6/97      AC:  6    Str: 27      XL:     8   Next: 88%
Magic:  7/7        EV:  9    Int:  4      God:    Trog [***...]
Gold:   345        SH:  8    Dex: 11 (12) Spells: 7/7 levels left

rFire    + . .     SeeInvis +   J - +3 mace of the Living Dead {vamp, rN+ MR++ SInv Stlth-}
rCold    + . .     Gourm    .   Y - +0 shield
rNeg     + . .     Faith    .   Z - +1 robe {MR+}
rPois    .         Spirit   .   (helmet restricted)
rElec    .         Reflect  .   G - scarf {rC+ rF+}
rCorr    .         Harm     .   T - +0 pair of gloves
MR       +++..                  O - +0 pair of boots
Stlth    ..........             (no amulet)
HPRegen  0.26/turn              s - ring of see invisible
MPRegen  0.10/turn              (no ring)

@: berserking, very quick
A: retaliatory headbutt, hooves 1, horns 2, rugged brown scales 1, deterioration
1, evolution 1
a: Berserk, Trog's Hand, Renounce Religion


You were on level 6 of the Dungeon.
You worshipped Trog.
Trog was most pleased with you.
You were hungry.

You visited 1 branch of the dungeon, and saw 6 of its levels.

You collected 345 gold pieces.

Inventory:

Hand Weapons
 a - a +0 hand axe
 y - a +0 shortbow
 C - a +0 hunting sling
 D - a +0 war axe
 J - the +3 mace of the Living Dead (weapon) {vamp, rN+ MR++ SInv Stlth-}
   (You found it on level 4 of the Dungeon)

   It inflicts no extra harm, but heals its wielder when it wounds a living foe.
   It protects you from negative energy.
   It affects your resistance to hostile enchantments.
   It lets you see invisible.
   It makes you less stealthy.
 M - a +0 whip of freezing
Missiles
 g - 177 stones
 j - 90 arrows
 m - 76 sling bullets
 F - 27 bolts
 H - 3 tomahawks (quivered)
 U - 42 poisoned needles
Armour
 i - a +0 chain mail
 G - a scarf of resistance (worn)
 O - a +0 pair of boots (worn)
 T - a +0 pair of gloves (worn)
 Y - a +0 shield (worn)
 Z - a +1 robe of magic resistance (worn)
Jewellery
 s - a ring of see invisible (left hand)
Wands
 E - a wand of enslavement (8)
 I - a wand of iceblast (8)
 P - a wand of paralysis (10)
 S - a wand of polymorph (10)
Scrolls
 z - 2 scrolls of amnesia {unknown}
 A - a scroll of teleportation {unknown}
 B - 2 scrolls of blinking
 V - a scroll of fog
Potions
 k - a potion of brilliance
 K - 3 potions of cancellation
 L - 2 potions of heal wounds {unknown}
 Q - 2 potions of curing
 W - 2 potions of haste {unknown}
 X - 3 potions of flight
Comestibles
 c - 13 rations


   Skills:
 - Level 3.6 Fighting
 + Level 12.4(12.9) Axes
 + Level 6.1(10.1) Maces & Flails
 - Level 2.4 Armour
 - Level 2.1 Dodging


You had 7 spell levels left.
You didn't know any spells.
Your spell library contained the following spells:

 Spells                   Type           Power        Failure   Level  Hunger
 Apportation              Tloc           #.....       99%         1    ##.....
 Confuse                  Hex            #.......     100%        3    ####...
 Summon Small Mammal      Summ           #...         99%         1    ##.....
 Animate Skeleton         Necr           N/A          99%         1    ##.....
 Confusing Touch          Hex            #.....       99%         1    ##.....
 Metabolic Englaciation   Hex/Ice        #.........   100%        5    ######.
 Petrify                  Tmut/Erth      #.......     100%        4    #####..
 Gell's Gravitas          Tloc           #.........   100%        3    ####...
 Yara's Violent Unravell  Hex/Tmut       #.........   100%        5    ######.


Dungeon Overview and Level Annotations

Branches:
Dungeon (6/15)
 Temple: D:4-7

Altars:
Hepliaklqana
Makhleb
Okawaru
Qazlal
Ru
Uskayaw
Wu Jian


Innate Abilities, Weirdness & Mutations

You reflexively headbutt those who attack you in melee.
You have a pair of horns on your head.
You have large cloven feet.
You are partially covered in rugged brown scales. (AC +1, +3% HP)
Your body sometimes deteriorates upon taking damage.
You evolve.


Message History

The orc warrior is severely wounded.
You closely miss the orc warrior.
The orc warrior is severely wounded.
The orc warrior closely misses you.
You hit the orc warrior but do no damage.
Your headbutt misses the orc warrior.
The orc warrior is severely wounded.
The orc warrior hits you with a battleaxe!!
* * * LOW HITPOINT WARNING * * *
You hit the orc warrior.
You feel better.
The orc warrior is severely wounded.
The orc warrior misses you. You furiously retaliate!
You headbutt the orc warrior. You closely miss the orc warrior.
You headbutt the orc warrior.
The orc warrior is almost dead.
A red film seems to cover your vision as you go berserk!
You feel yourself moving faster!
You feel mighty!
You are feeling hungry.
The orc warrior hits you with a battleaxe!!
You die...

#.# #.#....#..#######..#.
##.##########.#....#..#....##..#.
...................#..#.##.##..#.
##.############.......#.##.##..#.
#.##.............###.#.##.##..#.
#.##.##########.........#.....#.
##.##.# . .......#..#.#####.
......# ....##########..#.# #.
.#.#### .([oooo@........#.# #.
.#.# ...(###########.#.# #. .#.#
. #.#.# #. .#.# #.#.# #.
##.######.# ######### #.#.# #.
..........# #.......# #.#.# #.
#...#########.......# #.#.# #.
#...#####...........## #.#.#####.
.....................# #.......†.


You could see an orc warrior and 3 orcs.

Vanquished Creatures
  Pikel (D:4)
  The ghost of Ofeo the Vexing, a novice SpAM (D:6)
  Menkaure (D:4)
  An ice beast (D:5)
  3 slaves (D:4)
  A sky beast (D:5)
  An ogre (D:6)
  2 centaurs (D:5)
  A crimson imp (D:4)
  A bullfrog zombie (D:5)
  2 hounds
  3 iguanas
  2 orc wizards
  Jessica (D:2)
  A worker ant (D:4)
  8 adders
  A shadow imp (D:5)
  An adder skeleton (D:4)
  4 worms
  3 dart slugs
  4 leopard geckos
  11 orcs
  3 ball pythons
  13 bats
  4 giant cockroaches
  8 goblins
  5 hobgoblins
  9 jackals
  5 kobolds
  3 quokkas
  5 frilled lizards
  A quokka zombie (D:6)
  9 rats
119 creatures vanquished.

Vanquished Creatures (others)
  An orc wizard (D:4)
1 creature vanquished.

Grand Total: 120 creatures vanquished

Notes
Turn   | Place    | Note
-------+----------+-------------------------------------------
     0 | D:1      | Larett the Minotaur Berserker began the quest for the Orb.
     0 | D:1      | Reached XP level 1. HP: 19/19 MP: 0/0
    39 | D:1      | Reached skill level 4 in Axes
   203 | D:1      | Reached XP level 2. HP: 23/26 MP: 1/1
   877 | D:1      | Reached skill level 5 in Axes
   944 | D:2      | HP: 3/26 [worm (6)]
  1240 | D:2      | Reached XP level 3. HP: 31/31 MP: 2/2
  1419 | D:2      | Reached ** piety under Trog
  1798 | D:2      | Reached XP level 4. HP: 39/39 MP: 3/3
  1801 | D:2      | Reached skill level 6 in Axes
  1909 | D:2      | Noticed Jessica
  1913 | D:2      | Killed Jessica
  2251 | D:3      | Reached XP level 5. HP: 35/45 MP: 4/4
  2317 | D:3      | Reached skill level 7 in Axes
  2676 | D:3      | Gained mutation: Your body sometimes deteriorates upon taking damage. [potion of mutation]
  2676 | D:3      | Gained mutation: You have large cloven feet. [potion of mutation]
  2676 | D:3      | Gained mutation: You evolve. [potion of mutation]
  2784 | D:4      | Gained mutation: You are partially covered in rugged brown scales. (AC +1, +3% HP) [evolution]
  2975 | D:4      | Found a hazy altar of Hepliaklqana.
  2976 | D:4      | Found an iron altar of Okawaru.
  2976 | D:4      | Found a hide-covered altar of Uskayaw.
  3070 | D:4      | Noticed Menkaure
  3076 | D:4      | Killed Menkaure
  3076 | D:4      | Reached skill level 8 in Axes
  3076 | D:4      | Reached XP level 6. HP: 42/52 MP: 5/5
  3152 | D:4      | Reached skill level 9 in Axes
  3176 | D:4      | Found an ornate altar of the Wu Jian Council.
  3225 | D:4      | Noticed a slave
  3226 | D:4      | Noticed a slave
  3227 | D:4      | Noticed Pikel
  3235 | D:4      | Noticed a slave
  3238 | D:4      | Noticed a slave
  3239 | D:4      | Killed a slave
  3239 | D:4      | Killed a slave
  3242 | D:4      | Killed a slave
  3244 | D:4      | Killed Pikel
  3244 | D:4      | Reached skill level 11 in Axes
  3244 | D:4      | Reached XP level 7. HP: 49/58 MP: 6/6
  3486 | D:4      | Got a crude mace
  3489 | D:4      | Identified the cursed +3 mace of the Living Dead {vamp, rN+ MR++ SInv Stlth-} (You found it on level 4 of the Dungeon)
  3651 | D:4      | Found a burning altar of Makhleb.
  3654 | D:4      | Reached skill level 1 in Maces & Flails
  3725 | D:5      | Entered Level 5 of the Dungeon
  3752 | D:5      | Reached XP level 8. HP: 53/65 MP: 7/7
  3769 | D:5      | Reached skill level 3 in Maces & Flails
  3809 | D:5      | Found a stormy altar of Qazlal.
  4117 | D:5      | Reached *** piety under Trog
  4458 | D:6      | Found a sacrificial altar of Ru.
  4461 | D:6      | Reached skill level 12 in Axes
  4592 | D:6      | Noticed Ofeo's ghost (novice SpAM)
  4595 | D:6      | Found a runed door.
  4622 | D:6      | Killed Ofeo's ghost
  4622 | D:6      | Reached skill level 6 in Maces & Flails
  4779 | D:6      | HP: 9/65 [orc warrior/battleaxe (18)]
  4782 | D:6      | Mangled by an orc warrior

Skill      XL: |  1  2  3  4  5  6  7  8 |
---------------+-------------------------+-----
Axes           | 4 5 6 8 11 12 | 12.4
Maces & Flails | 2 6 |  6.1
Fighting       | |  3.6
Armour         | |  2.4
Dodging        | |  2.1

Action                   |  1- 3 |  4- 6 |  7- 9 || total
-------------------------+-------+-------+-------++-------
Melee: Hand axe          |    52 |   121 |     9 ||   182
       Headbutt          |    12 |    21 |    24 ||    57
       Dagger            |    24 |       |       ||    24
       Kick              |       |     7 |       ||     7
       Mace              |       |       |   143 ||   143
Throw: Javelin           |       |       |     4 ||     4
Invok: Trog's Hand       |       |     4 |     1 ||     5
       Berserk           |       |     3 |     2 ||     5
  Use: Scroll            |     7 |     2 |     3 ||    12
       Potion            |       |     2 |       ||     2
 Stab: Sleeping          |       |     1 |       ||     1
       Invisible         |       |       |     1 ||     1
  Eat: Chunk             |     2 |     8 |     6 ||    16
       Ration            |       |       |     2 ||     2
Armor: Chain mail        |    33 |    13 |       ||    46
       Robe              |       |    26 |    30 ||    56
Dodge: Dodged            |    34 |    41 |    46 ||   121
Block: Shield            |       |    38 |    67 ||   105
